Map: Dusk Towers

Players

LDC - Winner!

  • Race: Protoss Protoss

A.I. 1 (Harder)

  • Race: Protoss Protoss

VOD

Have the link to the VOD?

Description

Time

  • Played on: July 5, 2016, 2:48 p.m.
  • Length: 16:38
Show
View Real Time Build Order
Export as new Build Order

LDC Protoss - Winner!

Build Orders:  

Get SALT Encoding   

  12  0:01  Probe (Chrono Boost)  
  13  0:11  Probe (Chrono Boost)  
  14  0:19  Pylon  
  14  0:22  Probe (Chrono Boost)  
  15  0:37  Probe (Chrono Boost)  
  15  0:38  Gateway  
  16  0:48  Probe (Chrono Boost)  
  17  0:56  Assimilator  
  17  0:58  Probe (Chrono Boost)  
  18  1:09  Probe (Chrono Boost)  
  19  1:13  Pylon  
  19  1:19  Probe (Chrono Boost)  
  20  1:30  Probe (Chrono Boost)  
  20  1:31  Cybernetics Core  
  21  1:52  Nexus  
  21  1:56  Probe (Chrono Boost)  
  22  2:04  Assimilator  
  22  2:07  Probe (Chrono Boost)  
  23  2:13  Warp Gate (Chrono Boost)  
  23  2:21  Stalker, Forge  
  25  2:32  Probe (Chrono Boost)  
  26  2:43  Mothership Core  
  28  2:48  Zealot  
  30  3:03  Photon Cannon  
  30  3:04  Probe  
  31  3:06  Pylon  
  31  3:08  Probe  
  32  3:13  Protoss Ground Weapons Level 1 (Chrono Boost)  
  32  3:16  Probe  
  32  3:18  Sentry  
  32  3:19  Probe  
  36  3:29  Probe  
  36  3:30  Probe  
  38  3:38  Robotics Facility  
  38  3:42  Probe x2  
  40  3:53  Probe  
  40  3:54  Probe  
  42  4:03  Probe  
  42  4:06  Probe  
  42  4:09  Stalker  
  46  4:14  Gateway  
  46  4:16  Gateway  
  46  4:18  Probe  
  46  4:19  Probe  
  46  4:23  Pylon  
  48  4:26  Pylon  
  48  4:34  Stalker  
  48  4:35  Probe  
  48  4:37  Probe  
  52  4:39  Assimilator  
  52  4:40  Protoss Ground Armor Level 1 (Chrono Boost)  
  52  4:44  Observer (Chrono Boost)  
  52  4:45  Assimilator  
  53  4:48  Probe  
  53  4:49  Probe  
  55  5:01  Robotics Bay  
  55  5:03  Pylon  
  54  5:09  Zealot  
  56  5:27  Stalker  
  56  5:28  Stalker  
  58  5:32  Zealot  
  60  5:40  Probe  
  61  5:44  Probe  
  62  5:52  Probe  
  62  5:56  Probe  
  64  5:58  Disruptor (Chrono Boost)  
  64  6:00  Nexus  
  67  6:04  Pylon  
  67  6:06  Pylon  
  67  6:07  Gateway x2  
  67  6:10  Assimilator, Pylon  
  67  6:12  Pylon  
  67  6:15  Assimilator, Pylon  
  67  6:16  Probe x2  
  69  6:19  Twilight Council  
  69  6:24  Protoss Shields Level 1 (Chrono Boost)  
  69  6:28  Probe x2  
  69  6:29  Observer (Chrono Boost), Forge  
  72  6:38  Zealot  
  74  6:40  Probe  
  74  6:41  Probe  
  76  6:47  Disruptor (Chrono Boost)  
  76  6:48  Blink (Chrono Boost)  
  76  6:52  Probe  
  76  6:53  Probe  
  81  7:04  Protoss Ground Weapons Level 2 (Chrono Boost)  
  81  7:05  Probe x2  
  83  7:08  Stalker x2  
  83  7:15  Probe  
  87  7:17  Probe x2  
  87  7:22  Disruptor  
  93  7:25  Probe, Zealot x3  
  93  7:29  Probe  
  101  7:32  Probe  
  101  7:36  Probe  
  102  7:38  Stalker  
  102  7:40  Stalker  
  102  7:41  Probe  
  108  7:44  Probe  
  108  7:48  Probe  
  110  7:56  Stalker x3  
  116  8:00  Disruptor  
  119  8:06  Probe  
  119  8:08  Zealot  
  119  8:09  Zealot  
  124  8:16  Protoss Ground Armor Level 2 (Chrono Boost)  
  124  8:29  Charge  
  124  8:30  Stalker  
  125  8:37  Nexus  
  125  8:39  Assimilator  
  125  8:42  Pylon x2  
  125  8:46  Assimilator  
  115  9:11  Stalker x5  
  125  9:23  Disruptor  
  128  9:31  Stargate  
  128  9:32  Stargate  
  128  9:34  Gateway  
  128  9:36  Gateway  
  128  9:38  Gateway  
  128  9:39  Gateway  
  128  9:40  Gateway  
  128  9:45  Pylon  
  128  9:49  Pylon  
  128  9:50  Zealot  
  128  9:51  Zealot x4  
  138  9:55  Protoss Shields Level 2 (Chrono Boost)  
  138  9:58  Disruptor  
  141  10:15  Protoss Air Weapons Level 1  
  141  10:25  Fleet Beacon  
  141  10:28  Photon Cannon  
  141  10:29  Photon Cannon x2  
  141  10:30  Stalker x5  
  141  10:31  Photon Cannon  
  151  10:46  Pylon  
  151  10:49  Pylon, Stalker  
  153  10:50  Stalker x4  
  153  10:51  Pylon  
  161  11:01  Probe  
  161  11:05  Protoss Ground Armor Level 3 (Chrono Boost)  
  161  11:16  Tempest x2 (Chrono Boost)  
  169  11:36  Stalker x4  
  169  11:37  Stalker x4  
  185  11:40  Zealot  
  185  11:41  Zealot  
  185  11:44  Observer  
  190  11:55  Tempest x2 (Chrono Boost)  
  198  12:02  Protoss Shields Level 3  
  200  12:26  Protoss Air Weapons Level 2 (Chrono Boost)  
  193  12:50  Stalker x4  
  193  12:51  Stalker x3  
  197  12:54  Probe  
  200  13:26  Protoss Ground Weapons Level 3  
  200  14:02  Nexus  
  200  14:03  Pylon  
  200  14:05  Pylon x2  
  194  14:35  Protoss Air Armor Level 1 (Chrono Boost)  
  186  15:35  Stalker x2  
  186  15:36  Stalker x5  
  200  16:08  Assimilator  
  200  16:12  Assimilator  
Show
View Real Time Build Order
Export as new Build Order

A.I. 1 (Harder) Protoss 

Build Orders:  

Get SALT Encoding   

  12  0:01  Probe (Chrono Boost)  
  13  0:11  Probe (Chrono Boost)  
  14  0:20  Pylon  
  14  0:22  Probe (Chrono Boost)  
  15  0:38  Probe (Chrono Boost)  
  16  0:47  Assimilator  
  16  0:49  Probe (Chrono Boost), Gateway  
  17  0:59  Probe (Chrono Boost)  
  17  1:00  Pylon  
  18  1:10  Probe (Chrono Boost)  
  19  1:20  Probe (Chrono Boost)  
  20  1:34  Zealot  
  20  1:39  Cybernetics Core  
  22  1:42  Gateway  
  22  1:45  Assimilator  
  22  2:01  Pylon  
  22  2:03  Zealot  
  24  2:10  Warp Gate  
  24  2:28  Stalker  
  24  2:29  Stalker  
  28  2:43  Pylon  
  28  2:57  Stalker  
  28  2:58  Stalker  
  33  3:05  Probe (Chrono Boost)  
  33  3:17  Probe (Chrono Boost)  
  34  3:21  Pylon  
  30  3:27  Adept, Stalker  
  34  3:29  Probe (Chrono Boost)  
  39  3:34  Forge  
  39  3:40  Probe (Chrono Boost)  
  40  3:52  Probe (Chrono Boost), Zealot  
  44  4:04  Probe (Chrono Boost)  
  44  4:18  Probe (Chrono Boost)  
  44  4:27  Protoss Ground Weapons Level 1  
  44  4:32  Sentry  
  44  4:35  Gateway  
  46  4:39  Stalker  
  46  4:41  Pylon  
  48  4:54  Stalker  
  48  4:56  Nexus  
  50  5:02  Stalker  
  52  5:15  Twilight Council  
  52  5:17  Sentry  
  44  5:28  Adept  
  38  5:36  Zealot  
  40  5:43  Stalker  
  40  5:46  Blink  
  42  5:50  Zealot  
  44  5:57  Zealot  
  46  6:06  Stalker  
  46  6:08  Probe (Chrono Boost)  
  46  6:09  Probe (Chrono Boost)  
  50  6:16  Protoss Ground Armor Level 1  
  50  6:20  Probe (Chrono Boost)  
  50  6:21  Probe (Chrono Boost)  
  50  6:25  Stalker  
  54  6:31  Probe (Chrono Boost)  
  54  6:32  Probe (Chrono Boost)  
  56  6:36  Stalker  
  58  6:43  Probe (Chrono Boost), Stalker  
  58  6:45  Probe (Chrono Boost)  
  62  6:50  Adept  
  65  6:54  Probe (Chrono Boost)  
  65  7:02  Robotics Facility, Probe (Chrono Boost)  
  65  7:06  Probe (Chrono Boost)  
  67  7:14  Photon Cannon, Probe (Chrono Boost)  
  68  7:20  Probe (Chrono Boost)  
  68  7:21  Pylon  
  69  7:25  Probe (Chrono Boost)  
  70  7:31  Photon Cannon, Probe (Chrono Boost)  
  70  7:36  Probe (Chrono Boost), Pylon  
  72  7:42  Probe (Chrono Boost), Pylon  
  73  7:47  Probe (Chrono Boost), Observer  
  73  7:50  Stargate  
  75  7:53  Forge  
  75  8:02  Photon Cannon  
  75  8:05  Photon Cannon  
  75  8:06  Observer  
  76  8:18  Assimilator  
  76  8:22  Immortal  
  76  8:23  Gateway  
  76  8:27  Robotics Facility  
  80  8:39  Nexus  
  80  8:47  Stargate  
  76  8:58  Assimilator  
  64  9:07  Robotics Bay  
  57  9:14  Warp Prism  
  57  9:16  Gateway  
  57  9:22  Warp Prism  
  61  9:46  Stargate, Zealot, Warp Prism  
  65  9:56  Observer  
  65  9:59  Assimilator  
  66  10:05  Sentry, Assimilator  
  68  10:15  Observer  
  68  10:18  Immortal  
  73  10:32  Colossus  
  73  10:39  Probe (Chrono Boost)  
  73  10:40  Probe (Chrono Boost)  
  82  10:43  Probe (Chrono Boost)  
  82  10:49  Probe (Chrono Boost)  
  83  10:52  Probe (Chrono Boost)  
  83  10:54  Immortal  
  83  10:55  Probe (Chrono Boost)  
  89  11:01  Probe (Chrono Boost)  
  91  11:04  Probe (Chrono Boost)  
  91  11:05  Protoss Ground Weapons Level 2  
  91  11:06  Fleet Beacon  
  91  11:07  Probe (Chrono Boost)  
  93  11:12  Probe (Chrono Boost)  
  93  11:15  Probe (Chrono Boost)  
  93  11:18  Protoss Ground Armor Level 2  
  94  11:20  Probe (Chrono Boost)  
  94  11:21  Colossus  
  94  11:23  Probe (Chrono Boost), Pylon  
  96  11:27  Probe (Chrono Boost)  
  96  11:32  Probe (Chrono Boost)  
  104  11:34  Probe (Chrono Boost)  
  105  11:47  Tempest  
  105  11:49  Observer Gravitic Boosters  
  109  11:58  Pylon  
  109  12:00  Pylon  
  109  12:04  Observer  
  109  12:06  Zealot  
  111  12:10  Nexus, Templar Archives  
  111  12:23  Zealot  
  111  12:27  Zealot  
  115  12:41  Zealot  
  115  12:44  Gravitic Drive  
  101  12:45  Stalker  
  101  12:50  Sentry  
  91  12:51  Void Ray  
  95  12:58  Stalker  
  95  13:03  Stalker  
  99  13:07  Sentry  
  99  13:09  Void Ray  
  105  13:16  Protoss Shields Level 1, High Templar, Protoss Air Weapons Level 1  
  107  13:20  High Templar  
  109  13:27  Archon  
  109  13:28  High Templar  
  109  13:31  Assimilator  
  109  13:32  High Templar  
  109  13:34  Assimilator  
  113  13:39  Archon, High Templar  
  115  13:47  High Templar  
  117  13:53  Photon Cannon  
  117  13:55  Photon Cannon, Archon  
  117  13:58  High Templar  
  119  14:07  High Templar  
  121  14:12  Probe (Chrono Boost)  
  121  14:15  Zealot  
  121  14:16  Probe x2 (Chrono Boost), Zealot  
  110  14:17  Zealot  
  91  14:24  Probe (Chrono Boost), Archon  
  91  14:26  High Templar  
  91  14:27  Probe (Chrono Boost)  
  89  14:36  Probe (Chrono Boost), Zealot, Stalker  
  89  14:37  Stalker  
  82  14:39  Probe (Chrono Boost)  
  82  14:41  High Templar  
  75  14:48  Probe (Chrono Boost)  
  75  14:51  Probe (Chrono Boost)  
  70  14:54  Archon  
  70  14:55  Stalker  
  70  14:58  Stalker  
  70  14:59  Stalker  
  76  15:00  Probe (Chrono Boost)  
  76  15:02  Zealot  
  76  15:03  Probe (Chrono Boost)  
  70  15:11  Probe (Chrono Boost)  
  70  15:12  Zealot  
  40  15:17  Stalker  
  40  15:19  Zealot  
  40  15:22  Zealot  
  29  15:37  High Templar  
  29  15:41  Zealot  
  24  16:07  Zealot  
Tags
 
Matchup
PvP
Add a new tag
Caveats
  • Supply blocks, unpowered buildings, or Contaminate may cause inaccurate times.
  • Supply counts are checked every 10 seconds.